Golden Knights vs Avalanche
(R1)
Created - May 4, 2020 at 20:10
Goals
|
Golden Knights |
2 |
1 |
1 |
4 |
Avalanche |
0 |
1 |
2 |
3 |
|
Shots
|
Golden Knights |
13 |
9 |
3 |
25 |
Avalanche |
5 |
12 |
18 |
35 |
|
1st period
1. Golden Knights , Andrei Loktionov 25 (Zach Bogosian 47) at 5:14 (PP)
2. Golden Knights , Alex Tanguay 15 (Steve Bernier 10, Zach Bogosian 48) at 5:51
Penalties :
Darren Reid (Col) for Hooking (Minor) at 5:12, Paul Stastny (Col) for Hooking (Minor) at 7:47, Damien Brunner (Vgs) for Cross-checking (Minor) at 16:01
2nd period
3. Golden Knights , Matt Stajan 22 (Wayne Simmonds 36, Chris Higgins 22) at 1:11 (PP)
4. Avalanche , Andrew Ladd 11 (Brad Richardson 12) at 3:42
Penalties :
Mikkel Boedker (Col) for Hooking (Minor) at 0:22, Zach Bogosian (Vgs) for Tripping (Minor) at 5:31, Alex Tanguay (Vgs) for Slashing (Minor) at 10:27, Chris Higgins (Vgs) for Roughing (Double Minor) at 19:07
3rd period
5. Golden Knights , Chris Higgins 26 (Michael Frolik 43, Ilya Kovalchuk 34) at 3:13 (PP)
6. Avalanche , Brad Richardson 6 (Andrew Ladd 15, Charlie Coyle 18) at 13:09
7. Avalanche , Andrew Ladd 12 (Charlie Coyle 19, Jack Johnson 41) at 19:54
Penalties :
Danny Richmond (Col) for Hooking (Minor) at 1:18, Mattias Ekholm (Col) for Tripping (Minor) at 4:49, Michael Frolik (Vgs) for Cross-checking (Minor) at 5:04, Andrew Ladd (Col) for Hooking (Minor) at 7:29, Andrei Loktionov (Vgs) for Holding (Minor) at 16:02
Goalie Stats
Robin Lehner (Vgs), 32 saves from 35 shots - (0.914), W, 31-28-9, 60:00 minutes
Semyon Varlamov (Col), 21 saves from 25 shots - (0.840), L, 35-28-3, 60:00 minutes
Players Stats for Golden Knights
Player Name G A P +/- PIM S H SB GA TA FO MP PP MP PK MP
------------------------------------------------------------------------------------
Alex Tanguay 1 0 1 1 2 1 1 0 0 0 1/2 12:21 0:49 1:07
Andrei Loktionov 1 0 1 -2 2 4 1 0 0 1 13/29 19:51 2:23 2:27
Brandon Bollig 0 0 0 0 0 1 2 0 0 0 0/0 6:52 0:00 0:00
Chris Higgins 1 1 2 -1 4 1 1 2 1 0 0/0 14:39 1:15 0:20
Damien Brunner 0 0 0 0 2 0 1 0 1 0 0/0 7:15 0:21 0:00
Ilya Kovalchuk 0 1 1 -1 0 2 2 0 2 0 7/13 21:20 3:08 5:42
Jared Cowen 0 0 0 -2 0 3 4 2 1 1 0/0 29:25 3:01 6:10
Mathew Dumba 0 0 0 0 0 0 1 0 0 1 0/0 11:24 0:00 1:09
Matt Stajan 1 0 1 -2 0 2 0 0 0 0 7/14 18:15 2:10 3:10
Maxim Lapierre 0 0 0 0 0 1 1 0 1 0 4/6 13:48 0:21 2:11
Michael Frolik 0 1 1 -1 2 3 1 0 1 0 1/2 21:52 2:29 5:38
Michael Kostka 0 0 0 0 0 1 1 0 0 1 0/0 20:20 2:10 4:12
Nathan Paetsch 0 0 0 0 0 0 0 3 0 1 0/0 10:36 0:00 0:33
Ole-Kristian Tollefsen 0 0 0 0 0 2 1 0 0 1 0/0 19:59 2:10 3:39
Patrice Cormier 0 0 0 0 0 0 0 0 0 1 0/3 6:52 0:00 0:00
Steve Bernier 0 1 1 1 0 1 0 0 0 0 0/0 10:06 0:26 0:09
Wayne Simmonds 0 1 1 -1 0 2 1 1 1 1 0/0 12:22 2:10 0:00
Zach Bogosian 0 2 2 -2 2 1 2 4 2 1 0/0 28:43 3:01 5:01
Players Stats for Avalanche
Player Name G A P +/- PIM S H SB GA TA FO MP PP MP PK MP
------------------------------------------------------------------------------------
Andrew Ladd 2 1 3 2 2 4 1 1 0 0 1/2 13:44 0:00 2:10
Brad Richardson 1 1 2 2 0 2 2 0 1 0 0/0 11:04 0:00 0:00
Bryan Little 0 0 0 0 0 6 0 0 0 1 21/33 19:12 6:07 0:00
Charlie Coyle 0 2 2 2 0 1 1 2 1 2 5/15 14:50 0:00 3:23
Danny Richmond 0 0 0 1 2 1 0 3 0 1 0/0 19:32 5:13 1:25
Darren Reid 0 0 0 0 2 1 1 0 0 1 0/1 8:23 0:00 1:47
Dmitry Kulikov 0 0 0 1 0 1 1 0 1 0 0/0 15:32 0:00 1:03
Erik Karlsson 0 0 0 0 0 1 1 0 1 0 0/0 22:20 5:23 0:36
Evgeny Dadonov 0 0 0 0 0 2 0 0 0 1 1/1 16:01 4:15 0:00
Jack Johnson 0 1 1 0 0 3 0 4 1 2 0/0 26:06 5:08 3:46
James Van Riemsdyk 0 0 0 0 0 1 3 0 0 0 0/0 16:05 4:15 0:46
Kyle Turris 0 0 0 0 0 0 0 0 0 0 1/2 7:32 0:00 1:03
Marc Staal 0 0 0 1 0 1 0 2 1 1 0/0 25:19 4:59 2:55
Matt Moulson 0 0 0 0 0 1 0 0 0 0 0/0 7:28 0:00 0:59
Mattias Ekholm 0 0 0 1 2 1 2 0 0 0 0/0 11:27 0:15 0:37
Mikkel Boedker 0 0 0 0 2 6 2 0 2 1 0/2 20:12 5:52 0:07
Patric Hornqvist 0 0 0 0 0 1 3 0 1 0 1/5 19:23 5:52 0:07
Paul Stastny 0 0 0 0 2 2 1 1 0 0 6/8 17:01 4:30 0:00
3 Stars
1 - Andrew Ladd (Col)
2 - Brad Richardson (Col)
3 - Charlie Coyle (Col)
Power Play
Golden Knights - 3 on 6 Attempt(s) - 50.00%
Avalanche - 0 on 7 Attempt(s) - 0.00%
Penalty Kill
Golden Knights - 7 on 7 Attempt(s) - 100.00%
- Score 0 goal in Penalty Kill
Avalanche - 3 on 6 Attempt(s) - 50.00%
- Score 0 goal in Penalty Kill
Team Stat
Golden Knights - Hits : 20 - Faceoff Wins : 33 - Blocked Shots : 12 - Penalty Minutes : 14
Avalanche - Hits : 18 - Faceoff Wins : 36 - Blocked Shots : 13 - Penalty Minutes : 12
Official
Referees : Unknown
Linesman : Unknown
Game Notes
No Game Note
Finance
Level 1 -- Attendance: 5516 (91.93%) -- Ticket Income $490,924
Level 2 -- Attendance: 5000 (100.00%) -- Ticket Income $275,000
Level 3 -- Attendance: 1866 (93.30%) -- Ticket Income $61,578
Level 4 -- Attendance: 4000 (100.00%) -- Ticket Income $92,000
Luxury Box -- Attendance: 1000 (100.00%) -- Ticket Income $172,000
Game was played at the Pepsi Center.
Total Attendance: 17382 (96.57%)
Total Ticket Income: $1,091,502
Other Income: $163,725
Total Income: $1,255,227
Golden Knights
5 vs 5 Forward
Center Left Wing Right Wing Time % Phy DF OF
1 Andrei Loktionov Chris Higgins Michael Frolik 40 1 2 2
2 Matt Stajan Ilya Kovalchuk Wayne Simmonds 30 1 2 2
3 Maxim Lapierre Alex Tanguay Steve Bernier 20 1 2 2
4 Patrice Cormier Brandon Bollig Damien Brunner 10 1 2 2
5 vs 5 Defense
Defense Defense Time % Phy DF OF
1 Zach Bogosian Jared Cowen 40 1 2 2
2 Michael Kostka Ole-Kristian Tollefsen 30 1 2 2
3 Nathan Paetsch Mathew Dumba 20 1 2 2
4 Zach Bogosian Jared Cowen 10 1 2 2
PowerPlay Forward
Center Left Wing Right Wing Time % Phy DF OF
1 Andrei Loktionov Ilya Kovalchuk Michael Frolik 60 1 2 2
2 Matt Stajan Chris Higgins Wayne Simmonds 40 1 2 2
PowerPlay Defense
Defense Defense Time % Phy DF OF
1 Zach Bogosian Jared Cowen 60 1 2 2
2 Michael Kostka Ole-Kristian Tollefsen 40 1 2 2
Penalty Kill 4 Players Forward
Center Wing Time % Phy DF OF
1 Ilya Kovalchuk Michael Frolik 60 1 2 2
2 Andrei Loktionov Matt Stajan 40 1 2 2
Penalty Kill 4 Players Defense
Defense Defense Time % Phy DF OF
1 Zach Bogosian Jared Cowen 60 1 2 2
2 Michael Kostka Ole-Kristian Tollefsen 40 1 2 2
Penalty Kill - 3 Players Forward
Forward Time % Phy DF OF
1 Ilya Kovalchuk 60 1 2 2
2 Michael Frolik 40 1 2 2
Penalty Kill - 3 Players Defense
Defense Defense Time % Phy DF OF
1 Zach Bogosian Jared Cowen 60 1 2 2
2 Michael Kostka Ole-Kristian Tollefsen 40 1 2 2
4 vs 4 Forward
Center Wing Time % Phy DF OF
1 Ilya Kovalchuk Michael Frolik 60 1 2 2
2 Andrei Loktionov Matt Stajan 40 1 2 2
4 vs 4 Defense
Defense Defense Time % Phy DF OF
1 Zach Bogosian Jared Cowen 60 1 2 2
2 Michael Kostka Ole-Kristian Tollefsen 40 1 2 2
Last Minutes Offensive
Center Left Wing Right Wing Defense Defense
Andrei Loktionov Ilya Kovalchuk Michael Frolik Zach Bogosian Jared Cowen
Last Minutes Defensive
Center Left Wing Right Wing Defense Defense
Andrei Loktionov Ilya Kovalchuk Michael Frolik Zach Bogosian Jared Cowen
Goaltenders
Starting : Robin Lehner
Backup : Matt Hackett
Extra Forwards
Normal : Alex Tanguay, Steve Bernier, Maxim Lapierre - PP : Alex Tanguay, Steve Bernier - PK : Maxim Lapierre
Extra Defensemen
Normal : Nathan Paetsch, Mathew Dumba, Michael Kostka - PP : Nathan Paetsch - PK : Mathew Dumba, Michael Kostka
Penalty Shots
Ilya Kovalchuk, Michael Frolik, Andrei Loktionov, Matt Stajan, Wayne Simmonds
Scratches
Vladimir Mihalik (Bruised Left Foot Injury)
Avalanche
5 vs 5 Forward
Center Left Wing Right Wing Time % Phy DF OF
1 Bryan Little Mikkel Boedker Evgeny Dadonov 35 1 2 2
2 Paul Stastny James Van Riemsdyk Patric Hornqvist 30 1 2 2
3 Charlie Coyle Andrew Ladd Brad Richardson 20 1 2 2
4 Kyle Turris Matt Moulson Darren Reid 15 1 2 2
5 vs 5 Defense
Defense Defense Time % Phy DF OF
1 Jack Johnson Erik Karlsson 35 1 2 2
2 Dmitry Kulikov Marc Staal 35 1 2 2
3 Danny Richmond Mattias Ekholm 30 1 2 2
4 Jack Johnson Marc Staal 0 1 2 2
PowerPlay Forward
Center Left Wing Right Wing Time % Phy DF OF
1 Bryan Little Mikkel Boedker Patric Hornqvist 60 1 2 2
2 Paul Stastny James Van Riemsdyk Evgeny Dadonov 40 1 2 2
PowerPlay Defense
Defense Defense Time % Phy DF OF
1 Jack Johnson Erik Karlsson 60 1 2 2
2 Danny Richmond Marc Staal 40 1 2 2
Penalty Kill 4 Players Forward
Center Wing Time % Phy DF OF
1 Charlie Coyle Andrew Ladd 60 1 2 2
2 Kyle Turris Darren Reid 40 1 2 2
Penalty Kill 4 Players Defense
Defense Defense Time % Phy DF OF
1 Jack Johnson Marc Staal 60 1 2 2
2 Dmitry Kulikov Danny Richmond 40 1 2 2
Penalty Kill - 3 Players Forward
Forward Time % Phy DF OF
1 Mikkel Boedker 60 1 2 2
2 Patric Hornqvist 40 1 2 2
Penalty Kill - 3 Players Defense
Defense Defense Time % Phy DF OF
1 Jack Johnson Marc Staal 60 1 2 2
2 Erik Karlsson Danny Richmond 40 1 2 2
4 vs 4 Forward
Center Wing Time % Phy DF OF
1 Mikkel Boedker Patric Hornqvist 60 1 2 2
2 Bryan Little Paul Stastny 40 1 2 2
4 vs 4 Defense
Defense Defense Time % Phy DF OF
1 Jack Johnson Marc Staal 60 1 2 2
2 Erik Karlsson Danny Richmond 40 1 2 2
Last Minutes Offensive
Center Left Wing Right Wing Defense Defense
Bryan Little Mikkel Boedker Patric Hornqvist Jack Johnson Marc Staal
Last Minutes Defensive
Center Left Wing Right Wing Defense Defense
Bryan Little Mikkel Boedker Patric Hornqvist Jack Johnson Marc Staal
Goaltenders
Starting : Semyon Varlamov
Backup : Mike Brodeur
Extra Forwards
Normal : Matt Moulson, James Van Riemsdyk, Darren Reid - PP : Matt Moulson, James Van Riemsdyk - PK : Darren Reid
Extra Defensemen
Normal : Dmitry Kulikov, Mattias Ekholm, Erik Karlsson - PP : Dmitry Kulikov - PK : Mattias Ekholm, Erik Karlsson
Penalty Shots
Mikkel Boedker, Patric Hornqvist, Bryan Little, Paul Stastny, Evgeny Dadonov
Scratches
None
% Time on Ice - Golden Knights
Lines # - Real PCT - Wanted PCT - Time Play
Normal Forward
1 - 33% - 40% - 13:18
2 - 31% - 30% - 12:33
3 - 20% - 20% - 8:07
4 - 17% - 10% - 6:52
Normal Defense
1 - 42% - 40% - 17:00
2 - 31% - 30% - 12:45
3 - 24% - 20% - 9:43
4 - 3% - 10% - 1:22
PP Forward
1 - 62% - 60% - 3:13
2 - 38% - 40% - 1:58
PP Defense
1 - 58% - 60% - 3:01
2 - 42% - 40% - 2:10
PK Forward
1 - 70% - 60% - 7:14
2 - 30% - 40% - 3:08
PK Defense
1 - 65% - 60% - 6:43
2 - 35% - 40% - 3:39
PK3 Forward
1 - 0% - 60%
2 - 0% - 40%
PK3 Defense
1 - 0% - 60%
2 - 0% - 40%
44 Forward
1 - 96% - 60% - 3:23
2 - 4% - 40% - 0:09
44 Defense
1 - 60% - 60% - 2:07
2 - 40% - 40% - 1:25
Last Minute Offensive - 0:00
Last Minute Defensive - 0:05
Total
Forward - 60:00
Defense - 60:00
|
% Time on Ice - Avalanche
Lines # - Real PCT - Wanted PCT - Time Play
Normal Forward
1 - 30% - 35% - 12:18
2 - 27% - 30% - 10:59
3 - 27% - 20% - 11:04
4 - 16% - 15% - 6:29
Normal Defense
1 - 38% - 35% - 15:42
2 - 33% - 35% - 13:37
3 - 26% - 30% - 10:33
4 - 2% - 0% - 0:58
PP Forward
1 - 57% - 60% - 5:52
2 - 43% - 40% - 4:30
PP Defense
1 - 50% - 60% - 5:08
2 - 50% - 40% - 5:14
PK Forward
1 - 89% - 60% - 4:36
2 - 11% - 40% - 0:35
PK Defense
1 - 73% - 60% - 3:46
2 - 27% - 40% - 1:25
PK3 Forward
1 - 0% - 60%
2 - 0% - 40%
PK3 Defense
1 - 0% - 60%
2 - 0% - 40%
44 Forward
1 - 67% - 60% - 2:22
2 - 33% - 40% - 1:10
44 Defense
1 - 51% - 60% - 1:49
2 - 49% - 40% - 1:43
Last Minute Offensive - 0:05
Last Minute Defensive - 0:00
Total
Forward - 60:00
Defense - 60:00
|
Play-by-Play
1st period
0:01 of 1st period - Andrei Loktionov wins face-off versus Bryan Little in neutral zone.
0:45 of 1st period - Off-side.
0:46 of 1st period - Charlie Coyle wins face-off versus Patrice Cormier in neutral zone.
0:59 of 1st period - Snap shot by Andrew Ladd.
0:59 of 1st period - Stopped by Robin Lehner without a rebound.
1:00 of 1st period - Maxim Lapierre wins face-off versus Kyle Turris in Golden Knights zone.
2:39 of 1st period - Snap shot by Matt Moulson.
2:39 of 1st period - Stopped by Robin Lehner without a rebound.
2:40 of 1st period - Bryan Little wins face-off versus Andrei Loktionov in Golden Knights zone.
2:41 of 1st period - Wrist shot by Mikkel Boedker.
2:41 of 1st period - Stopped by Robin Lehner without a rebound.
2:42 of 1st period - Bryan Little wins face-off versus Andrei Loktionov in Golden Knights zone.
2:57 of 1st period - Bryan Little is hit by Zach Bogosian and loses puck.
3:20 of 1st period - Snap shot by Patric Hornqvist.
3:20 of 1st period - Shot Blocked by Zach Bogosian.
3:35 of 1st period - Zach Bogosian is hit by James Van Riemsdyk.
3:41 of 1st period - Snap shot by Wayne Simmonds.
3:41 of 1st period - Shot Misses the Net.
3:43 of 1st period - Backhand shot by Matt Stajan.
3:43 of 1st period - Shot Hit the Post.
3:45 of 1st period - Slapshot by Zach Bogosian.
3:45 of 1st period - Shot Blocked by Paul Stastny.
3:47 of 1st period - Slapshot by Jared Cowen.
3:47 of 1st period - Shot Misses the Net.
3:49 of 1st period - Backhand shot by Matt Stajan.
3:49 of 1st period - Shot Blocked by Marc Staal.
4:01 of 1st period - Wrist shot by Ilya Kovalchuk.
4:01 of 1st period - Stopped by Semyon Varlamov without a rebound.
4:02 of 1st period - Bryan Little wins face-off versus Andrei Loktionov in Avalanche zone.
4:02 of 1st period - Bryan Little is hit by Michael Kostka.
4:11 of 1st period - Icing by Michael Kostka.
4:12 of 1st period - Bryan Little wins face-off versus Andrei Loktionov in Golden Knights zone.
4:28 of 1st period - Snap shot by Andrei Loktionov.
4:28 of 1st period - Stopped by Semyon Varlamov without a rebound.
4:29 of 1st period - Maxim Lapierre wins face-off versus Charlie Coyle in Avalanche zone.
4:30 of 1st period - Snap shot by Alex Tanguay.
4:30 of 1st period - Shot Blocked by Charlie Coyle.
4:56 of 1st period - Michael Frolik is hit by Darren Reid.
5:12 of 1st period - Minor Penalty to Darren Reid for Hooking.
5:13 of 1st period - Andrei Loktionov wins face-off versus Charlie Coyle in Avalanche zone.
5:14 of 1st period - Slapshot by Zach Bogosian.
5:14 of 1st period - Deflect By Andrei Loktionov.
5:14 of 1st period - Goal by Andrei Loktionov - Golden Knights : 1 - Avalanche : 0.
5:15 of 1st period - Bryan Little wins face-off versus Andrei Loktionov in neutral zone.
5:30 of 1st period - Mikkel Boedker is hit by Michael Frolik and loses puck.
5:45 of 1st period - Slapshot by Zach Bogosian.
5:45 of 1st period - Shot Blocked by Charlie Coyle.
5:49 of 1st period - Wrist shot by Steve Bernier.
5:49 of 1st period - Shot Misses the Net.
5:51 of 1st period - Snap shot by Alex Tanguay.
5:51 of 1st period - Goal by Alex Tanguay - Golden Knights : 2 - Avalanche : 0.
5:52 of 1st period - Andrei Loktionov wins face-off versus Paul Stastny in neutral zone.
5:55 of 1st period - Slapshot by Andrei Loktionov.
5:55 of 1st period - Stopped by Semyon Varlamov with a rebound.
5:57 of 1st period - Slapshot by Jared Cowen.
5:57 of 1st period - Deflect By Michael Frolik.
5:57 of 1st period - Stopped by Semyon Varlamov without a rebound.
5:58 of 1st period - Paul Stastny wins face-off versus Andrei Loktionov in Avalanche zone.
7:14 of 1st period - Wrist shot by Patric Hornqvist.
7:14 of 1st period - Shot Blocked by Jared Cowen.
7:47 of 1st period - Minor Penalty to Paul Stastny for Hooking.
7:48 of 1st period - Matt Stajan wins face-off versus Charlie Coyle in Avalanche zone.
7:58 of 1st period - Snap shot by Matt Stajan.
7:58 of 1st period - Shot Blocked by Jack Johnson.
8:00 of 1st period - Slapshot by Michael Kostka.
8:00 of 1st period - Shot Blocked by Andrew Ladd.
8:02 of 1st period - Snap shot by Matt Stajan.
8:02 of 1st period - Stopped by Semyon Varlamov with a rebound.
8:04 of 1st period - Snap shot by Ole-Kristian Tollefsen.
8:04 of 1st period - Stopped by Semyon Varlamov with a rebound.
9:15 of 1st period - Icing by Jared Cowen.
9:16 of 1st period - Matt Stajan wins face-off versus Charlie Coyle in Golden Knights zone.
9:47 of 1st period - Penalty to Paul Stastny is over, Paul Stastny is back on ice.
10:35 of 1st period - Jack Johnson is hit by Alex Tanguay and loses puck.
11:00 of 1st period - Snap shot by Mikkel Boedker.
11:00 of 1st period - Shot Blocked by Chris Higgins.
11:22 of 1st period - Snap shot by Alex Tanguay.
11:22 of 1st period - Shot Blocked by Danny Richmond.
11:46 of 1st period - Snap shot by Patric Hornqvist.
11:46 of 1st period - Stopped by Robin Lehner with a rebound.
11:48 of 1st period - Slapshot by James Van Riemsdyk.
11:48 of 1st period - Shot Misses the Net.
11:58 of 1st period - Snap shot by Michael Frolik.
11:58 of 1st period - Stopped by Semyon Varlamov with a rebound.
12:23 of 1st period - Michael Kostka is hit by Mattias Ekholm and loses puck.
12:40 of 1st period - Erik Karlsson is hit by Jared Cowen and loses puck.
13:18 of 1st period - Dmitry Kulikov is hit by Mathew Dumba.
13:27 of 1st period - Jared Cowen is hit by Mikkel Boedker and loses puck.
13:32 of 1st period - Wrist shot by Bryan Little.
13:32 of 1st period - Stopped by Robin Lehner without a rebound.
13:33 of 1st period - Andrei Loktionov wins face-off versus Charlie Coyle in Golden Knights zone.
13:42 of 1st period - Wrist shot by Michael Frolik.
13:42 of 1st period - Shot Misses the Net.
13:44 of 1st period - Slapshot by Ole-Kristian Tollefsen.
13:44 of 1st period - Shot Blocked by Jack Johnson.
14:23 of 1st period - Off-side.
14:24 of 1st period - Matt Stajan wins face-off versus Paul Stastny in neutral zone.
14:36 of 1st period - Off-side.
14:37 of 1st period - Bryan Little wins face-off versus Matt Stajan in neutral zone.
14:48 of 1st period - Snap shot by Wayne Simmonds.
14:48 of 1st period - Shot Misses the Net.
14:50 of 1st period - Slapshot by Ilya Kovalchuk.
14:50 of 1st period - Stopped by Semyon Varlamov with a rebound.
14:52 of 1st period - Slapshot by Michael Kostka.
14:52 of 1st period - Stopped by Semyon Varlamov with a rebound.
15:24 of 1st period - Jack Johnson is hit by Maxim Lapierre.
15:44 of 1st period - Nathan Paetsch is hit by Patric Hornqvist and loses puck.
16:01 of 1st period - Minor Penalty to Damien Brunner for Cross-checking.
16:02 of 1st period - Bryan Little wins face-off versus Ilya Kovalchuk in Golden Knights zone.
18:01 of 1st period - Penalty to Damien Brunner is over, Damien Brunner is back on ice.
18:13 of 1st period - Snap shot by Damien Brunner.
18:13 of 1st period - Shot Blocked by Danny Richmond.
18:15 of 1st period - Slapshot by Nathan Paetsch.
18:15 of 1st period - Shot Blocked by Danny Richmond.
18:17 of 1st period - Slapshot by Brandon Bollig.
18:17 of 1st period - Stopped by Semyon Varlamov without a rebound.
18:18 of 1st period - Maxim Lapierre wins face-off versus Darren Reid in Avalanche zone.
18:31 of 1st period - Wrist shot by Alex Tanguay.
18:31 of 1st period - Shot Misses the Net.
19:48 of 1st period - Slapshot by Maxim Lapierre.
19:48 of 1st period - Stopped by Semyon Varlamov without a rebound.
19:49 of 1st period - Kyle Turris wins face-off versus Maxim Lapierre in Avalanche zone.
Goals for this period are 2 for Golden Knights vs 0 for Avalanche.
Shots for this period are 13 for Golden Knights vs 5 for Avalanche.
2nd period
0:01 of 2nd period - Bryan Little wins face-off versus Matt Stajan in neutral zone.
0:12 of 2nd period - Snap shot by Bryan Little.
0:12 of 2nd period - Stopped by Robin Lehner without a rebound.
0:13 of 2nd period - Bryan Little wins face-off versus Matt Stajan in Golden Knights zone.
0:14 of 2nd period - Snap shot by Mikkel Boedker.
0:14 of 2nd period - Stopped by Robin Lehner with a rebound.
0:16 of 2nd period - Snap shot by Dmitry Kulikov.
0:16 of 2nd period - Stopped by Robin Lehner without a rebound.
0:17 of 2nd period - Matt Stajan wins face-off versus Bryan Little in Golden Knights zone.
0:17 of 2nd period - Matt Stajan is hit by Mikkel Boedker.
0:22 of 2nd period - Minor Penalty to Mikkel Boedker for Hooking.
0:23 of 2nd period - Andrew Ladd wins face-off versus Andrei Loktionov in Avalanche zone.
0:35 of 2nd period - Slapshot by Zach Bogosian.
0:35 of 2nd period - Stopped by Semyon Varlamov without a rebound.
0:36 of 2nd period - Charlie Coyle wins face-off versus Andrei Loktionov in Avalanche zone.
1:02 of 2nd period - Andrew Ladd is hit by Chris Higgins and loses puck.
1:11 of 2nd period - Wrist shot by Matt Stajan.
1:11 of 2nd period - Goal by Matt Stajan - Golden Knights : 3 - Avalanche : 0.
1:12 of 2nd period - Andrei Loktionov wins face-off versus Mikkel Boedker in neutral zone.
2:05 of 2nd period - Ole-Kristian Tollefsen is hit by Charlie Coyle and loses puck.
2:16 of 2nd period - Slapshot by Andrew Ladd.
2:16 of 2nd period - Stopped by Robin Lehner without a rebound.
2:17 of 2nd period - Bryan Little wins face-off versus Andrei Loktionov in Golden Knights zone.
2:32 of 2nd period - Wrist shot by Michael Frolik.
2:32 of 2nd period - Stopped by Semyon Varlamov without a rebound.
2:33 of 2nd period - Ilya Kovalchuk wins face-off versus Patric Hornqvist in Avalanche zone.
2:42 of 2nd period - Snap shot by Wayne Simmonds.
2:42 of 2nd period - Stopped by Semyon Varlamov without a rebound.
2:43 of 2nd period - Paul Stastny wins face-off versus Matt Stajan in Avalanche zone.
2:58 of 2nd period - Wrist shot by Wayne Simmonds.
2:58 of 2nd period - Stopped by Semyon Varlamov without a rebound.
2:59 of 2nd period - Bryan Little wins face-off versus Andrei Loktionov in Avalanche zone.
3:36 of 2nd period - Icing by Zach Bogosian.
3:37 of 2nd period - Matt Stajan wins face-off versus Charlie Coyle in Golden Knights zone.
3:42 of 2nd period - Snap shot by Andrew Ladd.
3:42 of 2nd period - Goal by Andrew Ladd - Golden Knights : 3 - Avalanche : 1.
3:43 of 2nd period - Bryan Little wins face-off versus Michael Frolik in neutral zone.
4:20 of 2nd period - Wayne Simmonds is hit by Patric Hornqvist and loses puck.
4:35 of 2nd period - Slapshot by Ole-Kristian Tollefsen.
4:35 of 2nd period - Stopped by Semyon Varlamov without a rebound.
4:36 of 2nd period - Maxim Lapierre wins face-off versus Charlie Coyle in Avalanche zone.
5:04 of 2nd period - Slapshot by Charlie Coyle.
5:04 of 2nd period - Stopped by Robin Lehner without a rebound.
5:05 of 2nd period - Bryan Little wins face-off versus Andrei Loktionov in Golden Knights zone.
5:22 of 2nd period - Wrist shot by Evgeny Dadonov.
5:22 of 2nd period - Stopped by Robin Lehner without a rebound.
5:23 of 2nd period - Paul Stastny wins face-off versus Matt Stajan in Golden Knights zone.
5:31 of 2nd period - Minor Penalty to Zach Bogosian for Tripping.
5:32 of 2nd period - Bryan Little wins face-off versus Ilya Kovalchuk in Golden Knights zone.
5:42 of 2nd period - Snap shot by Bryan Little.
5:42 of 2nd period - Stopped by Robin Lehner with a rebound.
5:58 of 2nd period - Jared Cowen is hit by James Van Riemsdyk.
7:21 of 2nd period - Maxim Lapierre is hit by Paul Stastny and loses puck.
7:31 of 2nd period - Penalty to Zach Bogosian is over, Zach Bogosian is back on ice.
8:02 of 2nd period - Marc Staal is hit by Damien Brunner and loses puck.
8:13 of 2nd period - Darren Reid is hit by Zach Bogosian and loses puck.
8:57 of 2nd period - Mattias Ekholm is hit by Ilya Kovalchuk.
9:01 of 2nd period - James Van Riemsdyk is hit by Ole-Kristian Tollefsen and loses puck.
9:12 of 2nd period - Danny Richmond is hit by Jared Cowen and loses puck.
9:18 of 2nd period - Off-side.
9:19 of 2nd period - Evgeny Dadonov wins face-off versus Patrice Cormier in neutral zone.
9:24 of 2nd period - Backhand shot by Mikkel Boedker.
9:24 of 2nd period - Stopped by Robin Lehner without a rebound.
9:25 of 2nd period - Bryan Little wins face-off versus Andrei Loktionov in Golden Knights zone.
9:52 of 2nd period - Ilya Kovalchuk is hit by Brad Richardson and loses puck.
10:27 of 2nd period - Minor Penalty to Alex Tanguay for Slashing.
10:28 of 2nd period - Ilya Kovalchuk wins face-off versus Bryan Little in Golden Knights zone.
10:42 of 2nd period - Wrist shot by Patric Hornqvist.
10:42 of 2nd period - Deflect By Mikkel Boedker.
10:42 of 2nd period - Stopped by Robin Lehner with a rebound.
10:44 of 2nd period - Wrist shot by Mikkel Boedker.
10:44 of 2nd period - Shot Misses the Net.
12:27 of 2nd period - Penalty to Alex Tanguay is over, Alex Tanguay is back on ice.
12:54 of 2nd period - Snap shot by Matt Moulson.
12:54 of 2nd period - Shot Blocked by Chris Higgins.
12:56 of 2nd period - Slapshot by Danny Richmond.
12:56 of 2nd period - Stopped by Robin Lehner with a rebound.
12:58 of 2nd period - Slapshot by Kyle Turris.
12:58 of 2nd period - Shot Misses the Net.
13:00 of 2nd period - Slapshot by Marc Staal.
13:00 of 2nd period - Shot Misses the Net.
13:11 of 2nd period - Icing by Alex Tanguay.
13:12 of 2nd period - Charlie Coyle wins face-off versus Patrice Cormier in Golden Knights zone.
13:21 of 2nd period - Jack Johnson is hit by Brandon Bollig and loses puck.
13:40 of 2nd period - Snap shot by Wayne Simmonds.
13:40 of 2nd period - Deflect By Ilya Kovalchuk.
13:40 of 2nd period - Shot Blocked by Jack Johnson.
13:40 of 2nd period - Puck is out of play.
13:41 of 2nd period - Matt Stajan wins face-off versus Bryan Little in Avalanche zone.
13:46 of 2nd period - Wayne Simmonds is hit by Mattias Ekholm and loses puck.
14:15 of 2nd period - Ilya Kovalchuk is hit by James Van Riemsdyk and loses puck.
14:58 of 2nd period - Wrist shot by Andrei Loktionov.
14:58 of 2nd period - Shot Misses the Net.
15:00 of 2nd period - Slapshot by Jared Cowen.
15:00 of 2nd period - Stopped by Semyon Varlamov with a rebound.
15:02 of 2nd period - Slapshot by Jared Cowen.
15:02 of 2nd period - Deflect By Andrei Loktionov.
15:02 of 2nd period - Stopped by Semyon Varlamov with a rebound.
15:04 of 2nd period - Slapshot by Jared Cowen.
15:04 of 2nd period - Stopped by Semyon Varlamov without a rebound.
15:05 of 2nd period - Paul Stastny wins face-off versus Andrei Loktionov in Avalanche zone.
16:03 of 2nd period - Snap shot by Michael Kostka.
16:03 of 2nd period - Shot Misses the Net.
16:05 of 2nd period - Snap shot by Alex Tanguay.
16:05 of 2nd period - Shot Blocked by Jack Johnson.
16:48 of 2nd period - Snap shot by Michael Frolik.
16:48 of 2nd period - Shot Misses the Net.
17:31 of 2nd period - Wrist shot by Brad Richardson.
17:31 of 2nd period - Shot Misses the Net.
18:01 of 2nd period - Slapshot by Zach Bogosian.
18:01 of 2nd period - Deflect By Damien Brunner.
18:01 of 2nd period - Shot Misses the Net.
18:01 of 2nd period - Puck is out of play.
18:02 of 2nd period - Andrei Loktionov wins face-off versus Bryan Little in Avalanche zone.
18:13 of 2nd period - Snap shot by Michael Frolik.
18:13 of 2nd period - Shot Misses the Net.
18:40 of 2nd period - Wrist shot by James Van Riemsdyk.
18:40 of 2nd period - Shot Blocked by Wayne Simmonds.
18:50 of 2nd period - Darren Reid is hit by Jared Cowen and loses puck.
19:07 of 2nd period - Double Minor Penalty to Chris Higgins for Roughing.
19:08 of 2nd period - Bryan Little wins face-off versus Ilya Kovalchuk in Golden Knights zone.
19:21 of 2nd period - Snap shot by Patric Hornqvist.
19:21 of 2nd period - Shot Misses the Net.
19:23 of 2nd period - Slapshot by Jack Johnson.
19:23 of 2nd period - Stopped by Robin Lehner with a rebound.
Goals for this period are 1 for Golden Knights vs 1 for Avalanche.
Shots for this period are 9 for Golden Knights vs 12 for Avalanche.
3rd period
0:01 of 3rd period - Ilya Kovalchuk wins face-off versus Bryan Little in neutral zone.
0:04 of 3rd period - Slapshot by Jared Cowen.
0:04 of 3rd period - Shot Misses the Net.
1:18 of 3rd period - Minor Penalty to Danny Richmond for Hooking.
1:19 of 3rd period - Ilya Kovalchuk wins face-off versus Patric Hornqvist in Avalanche zone.
1:32 of 3rd period - Marc Staal is hit by Ilya Kovalchuk and loses puck.
2:03 of 3rd period - Off-side.
2:04 of 3rd period - Bryan Little wins face-off versus Alex Tanguay in neutral zone.
2:14 of 3rd period - Slapshot by Michael Kostka.
2:14 of 3rd period - Shot Misses the Net.
2:26 of 3rd period - Snap shot by Paul Stastny.
2:26 of 3rd period - Stopped by Robin Lehner with a rebound.
2:30 of 3rd period - Snap shot by Paul Stastny.
2:30 of 3rd period - Deflect By Bryan Little.
2:30 of 3rd period - Stopped by Robin Lehner without a rebound.
2:31 of 3rd period - Ilya Kovalchuk wins face-off versus Patric Hornqvist in Golden Knights zone.
2:37 of 3rd period - Off-side.
2:38 of 3rd period - Patric Hornqvist wins face-off versus Ilya Kovalchuk in neutral zone.
2:53 of 3rd period - Snap shot by Patric Hornqvist.
2:53 of 3rd period - Shot Blocked by Jared Cowen.
3:07 of 3rd period - Penalty to Chris Higgins is over, Chris Higgins is back on ice.
3:11 of 3rd period - Slapshot by Michael Frolik.
3:11 of 3rd period - Shot Misses the Net.
3:13 of 3rd period - Snap shot by Chris Higgins.
3:13 of 3rd period - Goal by Chris Higgins - Golden Knights : 4 - Avalanche : 1.
3:14 of 3rd period - Andrei Loktionov wins face-off versus Bryan Little in neutral zone.
3:21 of 3rd period - Bryan Little is hit by Jared Cowen and loses puck.
3:44 of 3rd period - Slapshot by Zach Bogosian.
3:44 of 3rd period - Deflect By Ilya Kovalchuk.
3:44 of 3rd period - Shot Misses the Net.
3:44 of 3rd period - Puck is out of play.
3:45 of 3rd period - Paul Stastny wins face-off versus Matt Stajan in Avalanche zone.
3:45 of 3rd period - Paul Stastny is hit by Wayne Simmonds.
4:49 of 3rd period - Minor Penalty to Mattias Ekholm for Tripping.
4:50 of 3rd period - Charlie Coyle wins face-off versus Andrei Loktionov in Avalanche zone.
4:59 of 3rd period - Slapshot by Jack Johnson.
4:59 of 3rd period - Shot Blocked by Zach Bogosian.
5:01 of 3rd period - Slapshot by Jack Johnson.
5:01 of 3rd period - Stopped by Robin Lehner without a rebound.
5:02 of 3rd period - Andrei Loktionov wins face-off versus Charlie Coyle in Golden Knights zone.
5:04 of 3rd period - Minor Penalty to Michael Frolik for Cross-checking.
5:05 of 3rd period - Ilya Kovalchuk wins face-off versus Mikkel Boedker in Golden Knights zone.
5:44 of 3rd period - Icing by Steve Bernier.
5:45 of 3rd period - Bryan Little wins face-off versus Ilya Kovalchuk in Golden Knights zone.
6:49 of 3rd period - Penalty to Mattias Ekholm is over, Mattias Ekholm is back on ice.
6:52 of 3rd period - Wrist shot by Bryan Little.
6:52 of 3rd period - Stopped by Robin Lehner with a rebound.
7:04 of 3rd period - Penalty to Michael Frolik is over, Michael Frolik is back on ice.
7:06 of 3rd period - Snap shot by Paul Stastny.
7:06 of 3rd period - Deflect By Mattias Ekholm.
7:06 of 3rd period - Stopped by Robin Lehner without a rebound.
7:07 of 3rd period - Andrei Loktionov wins face-off versus Andrew Ladd in Golden Knights zone.
7:07 of 3rd period - Andrei Loktionov is hit by Andrew Ladd.
7:29 of 3rd period - Minor Penalty to Andrew Ladd for Hooking.
7:30 of 3rd period - Andrei Loktionov wins face-off versus Charlie Coyle in Avalanche zone.
7:31 of 3rd period - Slapshot by Ilya Kovalchuk.
7:31 of 3rd period - Shot Blocked by Marc Staal.
7:37 of 3rd period - Slapshot by Jack Johnson.
7:37 of 3rd period - Shot Blocked by Zach Bogosian.
7:39 of 3rd period - Slapshot by Jack Johnson.
7:39 of 3rd period - Stopped by Robin Lehner with a rebound.
7:41 of 3rd period - Snap shot by Darren Reid.
7:41 of 3rd period - Stopped by Robin Lehner without a rebound.
7:42 of 3rd period - Andrei Loktionov wins face-off versus Charlie Coyle in Golden Knights zone.
9:19 of 3rd period - Kyle Turris is hit by Andrei Loktionov and loses puck.
9:29 of 3rd period - Penalty to Andrew Ladd is over, Andrew Ladd is back on ice.
9:51 of 3rd period - Wrist shot by Mikkel Boedker.
9:51 of 3rd period - Stopped by Robin Lehner with a rebound.
10:02 of 3rd period - Zach Bogosian is hit by Dmitry Kulikov and loses puck.
10:17 of 3rd period - Patrice Cormier is hit by Brad Richardson and loses puck.
10:30 of 3rd period - Slapshot by Kyle Turris.
10:30 of 3rd period - Shot Blocked by Nathan Paetsch.
10:54 of 3rd period - Michael Kostka is hit by Patric Hornqvist and loses puck.
11:12 of 3rd period - Icing by Marc Staal.
11:13 of 3rd period - Charlie Coyle wins face-off versus Maxim Lapierre in Avalanche zone.
11:46 of 3rd period - Wrist shot by Kyle Turris.
11:46 of 3rd period - Shot Blocked by Nathan Paetsch.
11:48 of 3rd period - Slapshot by Kyle Turris.
11:48 of 3rd period - Shot Misses the Net.
11:50 of 3rd period - Slapshot by Matt Moulson.
11:50 of 3rd period - Shot Blocked by Nathan Paetsch.
12:14 of 3rd period - Andrew Ladd is hit by Brandon Bollig and loses puck.
12:26 of 3rd period - Off-side.
12:27 of 3rd period - Andrei Loktionov wins face-off versus Bryan Little in neutral zone.
12:32 of 3rd period - Snap shot by Andrei Loktionov.
12:32 of 3rd period - Deflect By Mikkel Boedker.
12:32 of 3rd period - Shot Misses the Net.
12:32 of 3rd period - Puck is out of play.
12:33 of 3rd period - Bryan Little wins face-off versus Andrei Loktionov in Avalanche zone.
12:40 of 3rd period - Wrist shot by Marc Staal.
12:40 of 3rd period - Stopped by Robin Lehner with a rebound.
13:09 of 3rd period - Snap shot by Brad Richardson.
13:09 of 3rd period - Goal by Brad Richardson - Golden Knights : 4 - Avalanche : 2.
13:10 of 3rd period - Bryan Little wins face-off versus Matt Stajan in neutral zone.
13:15 of 3rd period - Slapshot by Jack Johnson.
13:15 of 3rd period - Shot Misses the Net.
13:17 of 3rd period - Slapshot by Jack Johnson.
13:17 of 3rd period - Deflect By Evgeny Dadonov.
13:17 of 3rd period - Stopped by Robin Lehner with a rebound.
13:19 of 3rd period - Slapshot by Erik Karlsson.
13:19 of 3rd period - Stopped by Robin Lehner without a rebound.
13:20 of 3rd period - Matt Stajan wins face-off versus Bryan Little in Golden Knights zone.
13:20 of 3rd period - Matt Stajan is hit by Erik Karlsson.
13:26 of 3rd period - Slapshot by Jared Cowen.
13:26 of 3rd period - Deflect By Bryan Little.
13:26 of 3rd period - Stopped by Semyon Varlamov without a rebound.
13:27 of 3rd period - Andrei Loktionov wins face-off versus Bryan Little in Avalanche zone.
14:01 of 3rd period - Slapshot by James Van Riemsdyk.
14:01 of 3rd period - Stopped by Robin Lehner with a rebound.
14:25 of 3rd period - Wrist shot by Steve Bernier.
14:25 of 3rd period - Stopped by Semyon Varlamov without a rebound.
14:26 of 3rd period - Bryan Little wins face-off versus Andrei Loktionov in Avalanche zone.
16:02 of 3rd period - Minor Penalty to Andrei Loktionov for Holding.
16:03 of 3rd period - Ilya Kovalchuk wins face-off versus Bryan Little in Golden Knights zone.
16:12 of 3rd period - Slapshot by Danny Richmond.
16:12 of 3rd period - Deflect By Mikkel Boedker.
16:12 of 3rd period - Stopped by Robin Lehner without a rebound.
16:13 of 3rd period - Michael Frolik wins face-off versus Patric Hornqvist in Golden Knights zone.
17:00 of 3rd period - Wrist shot by Patric Hornqvist.
17:00 of 3rd period - Shot Misses the Net.
17:29 of 3rd period - Backhand shot by Patric Hornqvist.
17:29 of 3rd period - Shot Misses the Net.
17:31 of 3rd period - Snap shot by Patric Hornqvist.
17:31 of 3rd period - Shot Misses the Net.
17:33 of 3rd period - Snap shot by Bryan Little.
17:33 of 3rd period - Stopped by Robin Lehner without a rebound.
17:34 of 3rd period - Paul Stastny wins face-off versus Ilya Kovalchuk in Golden Knights zone.
17:35 of 3rd period - Snap shot by James Van Riemsdyk.
17:35 of 3rd period - Shot Blocked by Zach Bogosian.
17:37 of 3rd period - Snap shot by Paul Stastny.
17:37 of 3rd period - Stopped by Robin Lehner with a rebound.
18:02 of 3rd period - Penalty to Andrei Loktionov is over, Andrei Loktionov is back on ice.
19:10 of 3rd period - Wrist shot by Charlie Coyle.
19:10 of 3rd period - Deflect By Brad Richardson.
19:10 of 3rd period - Stopped by Robin Lehner with a rebound.
19:30 of 3rd period - Wrist shot by Andrew Ladd.
19:30 of 3rd period - Shot Hit the Post.
19:54 of 3rd period - Snap shot by Charlie Coyle.
19:54 of 3rd period - Deflect By Andrew Ladd.
19:54 of 3rd period - Goal by Andrew Ladd - Golden Knights : 4 - Avalanche : 3.
19:55 of 3rd period - Alex Tanguay wins face-off versus Bryan Little in neutral zone.
Goals for this period are 1 for Golden Knights vs 2 for Avalanche.
Shots for this period are 3 for Golden Knights vs 18 for Avalanche.
Back to the Top